 Dungeon Crawl Stone Soup version 0.13.0 (webtiles) character file.

81 MirrMurr the Scratcher (level 3, -1/18 HPs)
             Began as a Felid Fighter on Oct 12, 2013.
             Slain by Ijyb
             ... wielding a +7,+3 club
              (4 damage)
             ... on Level 2 of the Dungeon.
             The game lasted 00:04:40 (1871 turns).

MirrMurr the Scratcher (Felid Fighter)              Turns: 1871, Time: 00:04:41

HP  -1/18        AC  1     Str 12      XL: 3   Next: 17%
MP   4/4         EV 19     Int 10      God:
Gold 46          SH  0     Dex 15      Spells:  0 memorised,  2 levels left
Lives: 0, deaths: 0

Res.Fire  : . . .   See Invis. : +     - Unarmed
Res.Cold  : . . .   Warding    : .   (armour unavailable)
Life Prot.: . . .   Conserve   : .   (shield unavailable)
Res.Poison: .       Res.Corr.  : .   (helmet unavailable)
Res.Elec. : .       Clarity    : .   (cloak unavailable)
Sust.Abil.: . .     Spirit.Shd : .   (gloves unavailable)
Res.Mut.  : .       Stasis     : .   (boots unavailable)
Res.Rott. : .       Flight     : .   (no amulet)
Saprovore : . . .                    (no ring)
                                     (no ring)

@: quick, slightly resistant to hostile enchantments, fairly stealthy
A: paw claws, no armour, no advanced items, fangs 3, see invisible, carnivore 3,
speed 1, slow metabolism 1, AC +1
a: no special abilities


You were on level 2 of the Dungeon.
You were completely stuffed.

You visited 1 branch of the dungeon, and saw 2 of its levels.

You collected 26 gold pieces.

Inventory:

Comestibles
 d - a meat ration
 l - 2 chunks of goblin flesh
 p - a chunk of rat flesh
Scrolls
 a - a scroll of enchant weapon II {unknown}
 b - a scroll of curse jewellery {unknown}
 c - a scroll of identify {unknown}
 g - a scroll of fog {unknown}
 h - a scroll of amnesia {unknown}
Jewellery
 i - an uncursed ring of magical power {unknown}
 k - an uncursed ring of sustain abilities {unknown}
 m - an uncursed ring of wizardry {unknown}
 o - an uncursed amulet of guardian spirit {unknown}
Potions
 e - a potion of curing
 f - a potion of degeneration {unknown}
 j - a potion of heal wounds {unknown}
 n - a potion of agility {unknown}


   Skills:
 * Level 3.5 Fighting
 + Level 4.2 Dodging
 + Level 1.3 Stealth
 * Level 4.3 Unarmed Combat


You had 2 spell levels left.
You didn't know any spells.

Dungeon Overview and Level Annotations

Branches:
Dungeon (2/27)

Altars:

Annotations:
D:2 Ijyb


Innate Abilities, Weirdness & Mutations

You cannot wear armour.
You are incapable of any advanced item manipulation.
Your paws have sharp claws.
You have razor-sharp teeth.
You have supernaturally acute eyesight.
You are carnivorous and can eat meat at any time.
You cover ground quickly.
You are covered in fur (AC +1).
You have a slow metabolism.


Message History

You scratch Ijyb.
Ijyb is almost dead.
The bat misses you. The bat completely misses you.
You scratch Ijyb.
Ijyb is almost dead.
The bat barely misses you. The bat hits you but does no damage.
Ijyb barely misses you.
You scratch Ijyb.
Ijyb is almost dead.
The bat closely misses you. Ijyb hits you with a club!
* * * LOW HITPOINT WARNING * * *
You are too injured to fight recklessly!
You are too injured to fight recklessly!
You are too injured to fight recklessly!
You are too injured to fight recklessly!
You are too injured to fight recklessly!
You barely miss Ijyb.
Ijyb is almost dead.
The bat closely misses you. The bat misses you. Ijyb hits you with a club.
You die...

<#.....#..... .#.....#.....
########.#.....#.....
.........#.....#..... ###
#......##.....#..... #..
+...........###..... #.# #
#......########..... .# #.#
#^##..b...##........... .# #.#
#.##..@...##.#........# ##. #.#
#.##.g....## #....)...#
...###.####.######### #........#
..........#.# #........#
######.##.#.# #........#
#.##.##.#.######### #).......#
#....##.#.......... #........#
#.#####.#.############........#
###.#####.#..#..................#


You could see Ijyb (bleeding) and a bat.

Vanquished Creatures
  2 giant cockroaches (D:1)
  4 goblins
  6 hobgoblins
  7 kobolds
  4 bats
  3 giant geckos
  A giant newt (D:1)
  5 rats
32 creatures vanquished.

Notes
Turn   | Place    | Note
--------------------------------------------------------------
     0 | D:1      | MirrMurr, the Felid Fighter, began the quest for the Orb.
     0 | D:1      | Reached XP level 1. HP: 10/10 MP: 1/1
   592 | D:1      | Reached XP level 2. HP: 14/14 MP: 2/2
  1050 | D:1      | Reached skill level 1 in Stealth
  1597 | D:2      | Reached XP level 3. HP: 18/18 MP: 4/4
  1856 | D:2      | Noticed Ijyb
  1871 | D:2      | Slain by Ijyb

Action                   || total
-------------------------++-------
Melee: Unarmed           ||    82
  Use: Potion            ||     1
 Stab: Sleeping          ||     4
